cohdb
Replays
Latest Replays
All Replays
Popular Replays
Top Player Replays
Match Explorer
How It Works
Community
CoH3 Stats
Reddit
Sign in to upload your games and track your stats! →
Sign in with Steam
Match 43970919
Unlisted
Match 43970919
Overview
Messages
Build Orders
End
Kradschützen Motorcycle Team
Kradschützen Motorcycle Team
Selects Armored Support Battlegroup
250 Light Carrier
Construct Light Support Kompanie
Assault Grenadier Squad
Panzerjäger Squad
Fire Support Elements
Selects Superior Fire Drills
Selects Salvage Kits
Flakvierling Half-track
Vehicle Survival Package
Construct Mechanized Kompanie
Veteran Squad Leaders
StuG III D Assault Gun
254 Reconnaissance Tractor
Willaguy
Killervirus
0
0
Comments
sign in to comment!
No comments posted yet!